 Dungeon Crawl Stone Soup version 0.26-a0-572-g753d7e3450 (webtiles) character file.

Game seed: 12196629930773899378

809 ANON1729 the Ruffian (level 7, -9/71 HPs)
             Began as a Troll Fighter on Aug 20, 2020.
             Mangled by an orc
             ... wielding a +0 great sword
              (10 damage)
             ... on level 5 of the Dungeon.
             The game lasted 00:05:12 (3032 turns).

ANON1729 the Ruffian (Troll Fighter)                Turns: 3032, Time: 00:05:12

Health: -9/71      AC:  6    Str: 27    XL:     7   Next: 61%
Magic:  6/6        EV:  8    Int:  4    God:
Gold:   258        SH:  9    Dex:  9    Spells: 6/6 levels left

rFire    . . .     SeeInvis .     - Unarmed
rCold    . . .     Faith    .   b - +0 kite shield
rNeg     . . .     Spirit   .   a - +0 robe
rPois    .         Reflect  .   (helmet restricted)
rElec    .         Harm     .   (no cloak)
rCorr    .                      (gloves unavailable)
MR       .....                  (boots unavailable)
Stlth    +.........             (no amulet)
HPRegen  0.61/turn              (no ring)
MPRegen  0.10/turn              (no ring)

@: mighty, flying, slowed, very slow
A: large, unfitting armour, claws 3, regeneration 1, shaggy fur 1, tough skin 3
a: no special abilities


You were on level 5 of the Dungeon.
You visited 1 branch of the dungeon, and saw 5 of its levels.

You collected 258 gold pieces.

Inventory:

Armour
 a - a +0 robe (worn)
 b - a +0 kite shield (worn)
Scrolls
 d - a scroll of remove curse {unknown}
 e - a scroll of teleportation {unknown}
 g - a scroll of enchant armour {unknown}
 h - 3 scrolls of fear {unknown}
 i - a scroll of amnesia {unknown}
 j - 2 scrolls of immolation {unknown}
 m - 2 scrolls of enchant weapon {unknown}
 o - 2 scrolls of identify {unknown}
 q - 2 scrolls of magic mapping {unknown}
 t - a scroll of fog {unknown}
 u - a scroll of noise {unknown}
Potions
 f - a potion of stabbing {unknown}
 k - a potion of brilliance {unknown}
 l - a potion of lignification {unknown}
 n - a potion of resistance {unknown}
 p - a potion of mutation {unknown}
 r - 2 potions of curing {unknown}
 s - 2 potions of flight
 v - a potion of heal wounds {unknown}


   Skills:
 + Level 4.4 Fighting
 + Level 3.3 Throwing
 + Level 2.1 Armour
 - Level 3.0 Dodging
 - Level 3.0 Shields
 + Level 4.8 Unarmed Combat


You had 6 spell levels left.
You didn't know any spells.
Your spell library contained the following spells:

 Spells                   Type           Power        Failure   Level
 Animate Skeleton         Necr           #.....       91%         1
 Apportation              Tloc           #.....       91%         1
 Corona                   Hex            #......      91%         1
 Summon Small Mammal      Summ           #...         91%         1


Dungeon Overview and Level Annotations

Branches:
Dungeon (5/15)
 Temple: D:4-7

Altars:
Kikubaaqudgha
Trog


Innate Abilities, Weirdness & Mutations

You are too large for most types of armour.
You have claws for hands.
Your natural rate of healing is unusually fast.
You are covered in fur. (AC +1)
You have extremely tough skin. (AC +3)


Message History

The orc wizard hits you but does no damage.
A leopard gecko skeleton comes into view.
The orc wizard gestures wildly while chanting.
The orc wizard blinks!
The orc hits you with a +0 great sword!
* * * LOW HITPOINT WARNING * * *
You feel very mighty all of a sudden.
The orc wizard mumbles some strange words.
The orc wizard blinks!
You block the orc's attack.
You claw the ogre!
The ogre is heavily wounded.
You block the ogre's attack. The orc barely misses you.
You scratch the ogre.
The ogre is severely wounded.
The ogre hits you with a +0 giant club!
* * * LOW HITPOINT WARNING * * *
The orc barely misses you. The ogre barely misses you.
It was a potion of flight.
You feel very buoyant.
You fly up into the air.
The orc hits you with a +0 great sword!
You die...

# #.###### #
#...)$.###Z##...
#..o<#oo@O5.o...
.......†########...
.........
.....###.. ..8..
.$8 #?.. .... #.8
..8.. #.. .....#


You could see an ogre, an orc wizard (fast), a white imp, 2 orcs and a leopard
gecko skeleton.

Vanquished Creatures
  Sigmund (D:2)
  An orc warrior (D:4)
  2 ogres (D:4)
  A hound (D:4)
  3 orc wizards
  4 worker ants (D:4)
  A hound skeleton (D:4)
  3 gnolls (D:4)
  5 adders (D:2)
  An adder skeleton (D:4)
  2 worms (D:2)
  A dart slug (D:4)
  A leopard gecko (D:1)
  10 orcs
  4 bats
  2 bat zombies (D:2)
  4 giant cockroaches (D:3)
  2 goblins (D:1)
  7 hobgoblins
  12 jackals
  9 kobolds
  A quokka (D:5)
  7 frilled lizards
  4 rats
  2 rat zombies (D:2)
90 creatures vanquished.

Notes
Turn   | Place    | Note
-------+----------+-------------------------------------------
     0 | D:1      | ANON1729 the Troll Fighter began the quest for the Orb.
     0 | D:1      | Reached XP level 1. HP: 22/22 MP: 0/0
    94 | D:1      | Reached XP level 2. HP: 29/29 MP: 1/1
   391 | D:1      | Reached XP level 3. HP: 36/36 MP: 2/2
   987 | D:2      | Found an ancient bone altar of Kikubaaqudgha.
  1161 | D:2      | Reached XP level 4. HP: 44/44 MP: 3/3
  1615 | D:2      | Noticed Sigmund
  1633 | D:2      | Killed Sigmund
  1633 | D:2      | Reached skill level 1 in Throwing
  1633 | D:2      | Reached XP level 5. HP: 38/53 MP: 4/4
  1792 | D:3      | Found a bloodstained altar of Trog.
  1878 | D:3      | Reached XP level 6. HP: 62/62 MP: 5/5
  2367 | D:4      | Reached skill level 1 in Armour
  2609 | D:4      | Reached XP level 7. HP: 63/70 MP: 6/6
  2946 | D:5      | Entered Level 5 of the Dungeon
  3031 | D:5      | HP: 1/71 [ogre/+0 giant club (17)]
  3032 | D:5      | Mangled by an orc

Illustrated notes

Levels and vault maps discovered:
D:1:      shiori_arrival_elements, layout_loops_ring, lemuel_flame_loot_1
D:2:      layout_loops_ring, lemuel_zombie_altar_kikubaaqudgha, nrook_uturn,
          amethyst_killhole, uniq_sigmund
D:3:      layout_loops_ring, lightli_temple_of_fire
D:4:      layout_loops_cross
D:5:      layout_basic, kennysheep_slug_shrine, eat_drink_and_be_merry_uskayaw

Skill      XL: |  1  2  3  4  5  6  7 |
---------------+----------------------+-----
Fighting       | 3 4 |  4.4
Throwing       | 1 2 3 |  3.3
Dodging        | 3 |  3.0
Shields        | 3 |  3.0
Unarmed Combat | 3 4 |  4.8
Armour         | 1 2 |  2.1

Action                   |  1- 3 |  4- 6 |  7- 9 || total
-------------------------+-------+-------+-------++-------
Melee: Unarmed           |   102 |   150 |    52 ||   304
  Use: Potion            |       |       |     2 ||     2
 Stab: Sleeping          |     1 |       |       ||     1
Armor: Robe              |    31 |    50 |    12 ||    93
Dodge: Dodged            |    34 |    49 |    17 ||   100
Block: Kite shield       |    43 |    54 |    29 ||   126

Table legend: (Time is in decaauts)
 A = Elapsed time spent in this place.
 B = Non-inter-level travel time spent in this place.
 C = Inter-level travel time spent in this place.
 D = Time resting spent in this place.
 E = Time spent auto-exploring this place.
 F = Levels seen in this place.
 G = Mean time per level.
                   A        B        C        D        E       F      G
               +--------+--------+--------+--------+--------+-----+--------+
         Total |   3047 |   2915 |    132 |    121 |   2176 |   5 |  609.4 |
       Dungeon |   3047 |   2915 |    132 |    121 |   2176 |   5 |  609.4 |
               +--------+--------+--------+--------+--------+-----+--------+

Top non-repeatable levels by time:
     D:1: 883 daAuts
     D:2: 825 daAuts
     D:4: 682 daAuts
     D:3: 604 daAuts
     D:5: 51 daAuts
